 Dungeon Crawl Stone Soup version 0.24-a0-699-g5a66b1aa3b (webtiles) character file.

Game seed: 230314207810684788, levelgen mode: deterministic

23 Heliosone the Sneak (level 2, -1/11 HPs)
             Began as a Felid Enchanter on Sept 29, 2019.
             Slain by a worm (12 damage)
             ... on level 2 of the Dungeon.
             The game lasted 00:04:43 (1220 turns).

Heliosone the Sneak (Felid Enchanter)               Turns: 1220, Time: 00:04:44

Health: -1/11      AC:  1    Str:  4    XL:     2   Next: 75%
Magic:  4/6        EV: 18    Int: 16    God:
Gold:   41         SH:  0    Dex: 16    Spells: 2/5 levels left
                                        Lives:  0   Deaths: 0

rFire    . . .     SeeInvis +     - Unarmed
rCold    . . .     Gourm    .   (shield unavailable)
rNeg     . . .     Faith    .   (armour unavailable)
rPois    .         Spirit   .   (helmet unavailable)
rElec    .         Reflect  .   (cloak unavailable)
rCorr    .         Harm     .   (gloves unavailable)
MR       .....                  (boots unavailable)
Stlth    +++.......             (no amulet)
HPRegen  0.03/turn              (no ring)
MPRegen  0.10/turn              (no ring)

@: quick
A: very small, no armour, no weapons or thrown items, stealth, claws 1, fangs 3,
see invisible, carnivore, speed 1, shaggy fur 1, slow metabolism 1, sharp paws
a: no special abilities


You were on level 2 of the Dungeon.
You were completely stuffed.

You visited 1 branch of the dungeon, and saw 2 of its levels.

You collected 41 gold pieces.

Inventory:

Scrolls
 d - a scroll of noise {unknown}
 e - a scroll of fear {unknown}
 f - 3 scrolls of identify {unknown}
Potions
 c - 2 potions of might {unknown}
Comestibles
 a - 2 chunks of flesh
 b - 2 rations


   Skills:
 - Level 2.6 Dodging
 + Level 5.0 Stealth
 + Level 1.1 Unarmed Combat
 - Level 2.0 Spellcasting
 - Level 4.4 Hexes
 - Level 1.2 Ice Magic


You had 2 spell levels left.
You knew the following spells:

 Your Spells              Type           Power        Failure   Level  Hunger
a - Corona                Hex            ###....      3%          1    #......
b - Ensorcelled Hibernat  Hex/Ice        ##....       10%         2    ###....

Your spell library contained the following spells:

 Spells                   Type           Power        Failure   Level  Hunger
 Confuse                  Hex            ###.....     11%         3    ###....
 Tukima's Dance           Hex            ###.....     11%         3    ###....
 Dazzling Spray           Conj/Hex       #.....       26%         3    ###....


Dungeon Overview and Level Annotations

Branches:
Dungeon (2/15)

Altars:


Innate Abilities, Weirdness & Mutations

You cannot wear armour.
You are incapable of wielding weapons or throwing items.
Your paws allow you to move quietly. (Stealth)
You have sharp claws.
You have razor-sharp teeth.
You have supernaturally acute eyesight. (SInv)
You are carnivorous and can eat meat at any time.
You cover ground quickly.
You are covered in fur. (AC +1)
You have a slow metabolism.
Your sharp claws are effective at attacking unaware monsters.


Message History

Aiming: Ensorcelled Hibernation (safe; 10% risk of failure)
Press: ? - help, Shift-Dir - straight line, f - worm
Aim: a worm (chance to defeat MR: 50%)
The worm looks drowsy...
You pounce on the unaware helpless worm!
You claw the worm!
The worm is heavily wounded.
You scratch the worm.
The worm is severely wounded.
The worm completely misses you.
You scratch the worm.
The worm is severely wounded.
The worm closely misses you.
You scratch the worm but do no damage.
The worm is severely wounded.
You scratch the worm.
The worm is severely wounded.
The worm bites you!
Ouch! That really hurt!
You die...

.. .. ... #. .... ..
....##. .....## #### .
....# #). . ##..##w.#
#.####..#
.......@###........
##...........##....
#..##..#...!.........
........#.#..##..##....
....##.##.#..##........
.# .. #.#..##........
#.. #.#............ #..
#.#......#...#.
.#..##.#...#........


You could see a worm.

Vanquished Creatures
  A dart slug (D:1)
  6 bats (D:1)
  3 giant cockroaches
  A goblin (D:1)
  4 hobgoblins (D:1)
  2 frilled lizards (D:1)
  A kobold (D:2)
  2 rats (D:1)
20 creatures vanquished.

Notes
Turn   | Place    | Note
-------+----------+-------------------------------------------
     0 | D:1      | Heliosone the Felid Enchanter began the quest for the Orb.
     0 | D:1      | Reached XP level 1. HP: 7/7 MP: 4/4
   328 | D:1      | Reached XP level 2. HP: 6/11 MP: 4/6
   330 | D:1      | Reached skill level 5 in Stealth
   474 | D:1      | Learned a level 2 spell: Ensorcelled Hibernation
   763 | D:1      | Reached skill level 1 in Ice Magic
  1220 | D:2      | Slain by a worm

Levels and vault maps discovered:
D:1:      lightli_iron_boxes, layout_loops_ring
D:2:      layout_basic

Skill      XL: |  1  2 |
---------------+-------+-----
Stealth        | 5 |  5.0
Ice Magic      | 1 |  1.2
Dodging        | |  2.6
Unarmed Combat | |  1.1
Spellcasting   | |  2.0
Hexes          | |  4.4

Action                   || total
-------------------------++-------
Melee: Unarmed           ||    47
       Bite              ||     2
 Cast: Corona            ||     8
       Ensorcelled Hiber ||     4
 Stab: Sleeping          ||    12
  Eat: Chunk             ||     8
Armor: Skin              ||     4
Dodge: Dodged            ||    24

Table legend:
 A = Non-vault XP
 B = Vault XP
 C = Vault XP percentage of total XP
 D = Non-vault monster count
 E = Vault monster count
 F = Vault count percentage of total count
                 A         B        C        D         E       F
            +---------+---------+-------+---------+---------+-------
      Total |      34 |       0 |   0.0 |      20 |       0 |   0.0
            +---------+---------+-------+---------+---------+-------
        D:1 |      31 |       0 |   0.0 |      18 |       0 |   0.0
        D:2 |       3 |       0 |   0.0 |       2 |       0 |   0.0
            +---------+---------+-------+---------+---------+-------
